 Dungeon Crawl Stone Soup version 0.19.0-9-gfd783f2 (webtiles) character file.

79 Pepeogr the Poker (level 4, -3/35 HPs)
             Began as a Demonspawn Berserker on Nov 7, 2016.
             Was a Believer of Trog.
             Killed by divine providence
             ... invoked by an orc priest
              (7 damage)
             ... on level 3 of the Dungeon.
             The game lasted 00:08:27 (2180 turns).

Pepeogr the Poker (Demonspawn Berserker)            Turns: 2180, Time: 00:08:28

Health: -3/35      AC:  9    Str: 18    XL:     4   Next: 17%
Magic:  4/4        EV: 11    Int:  9    God:    Trog [**....]
Gold:   71         SH:  0    Dex: 12    Spells: 0 memorised, 3 levels left

rFire  . . .     SeeInvis .     a - +0 spear
rCold  . . .     Gourm    .     f - +0 ring mail
rNeg   . . .     Faith    .     (no shield)
rPois  .         Spirit   .     (no helmet)
rElec  .         Reflect  .     (no cloak)
rCorr  .         Harm     .     g - +0 pair of gloves
MR     .....                    (no boots)
Stlth  ..........               (no amulet)
                                (no ring)
                                (no ring)

@: no status effects
A: hooves 1, molten scales 2, rot immunity
a: Berserk, Trog's Hand, Burn Spellbooks, Renounce Religion


You were on level 3 of the Dungeon.
You worshipped Trog.
Trog was pleased with you.
You were not hungry.

You visited 1 branch of the dungeon, and saw 3 of its levels.

You collected 71 gold pieces.

Inventory:

Hand Weapons
 a - a +0 spear (weapon)
 j - a +0 spear
Armour
 b - a +1 animal skin
 f - a +0 ring mail (worn)
 g - a +0 pair of gloves (worn)
 i - a +0 shield
Scrolls
 e - 2 scrolls of remove curse
 h - a scroll of magic mapping {unknown}
Comestibles
 c - a bread ration
 d - a meat ration


   Skills:
 + Level 3.5 Fighting
 * Level 4.1 Polearms
 + Level 1.8 Armour
 - Level 1.7 Dodging
 + Level 0.2 Stealth


You had 3 spell levels left.
You didn't know any spells.

Dungeon Overview and Level Annotations

Branches:
Dungeon (3/15)

Altars:
Ashenzari


Innate Abilities, Weirdness & Mutations

You are mostly covered in molten scales. (AC +3)
You are immune to rotting.
You have large cloven feet.


Message History

You hit the orc.
You kill the orc!
Trog accepts your kill.
Things that are here:
a flail; a chain mail An orc priest comes into view.
It is wielding a falchion.
The orc priest mumbles some strange prayers to Beogh against you.
Beogh smites you!
An orc comes into view.
The orc priest invokes the aid of Beogh against you.
Beogh smites you!
* * * LOW HITPOINT WARNING * * *
An orc wizard comes into view. It is wielding a dagger.
The orc wizard shouts!
An orc comes into view. It is wielding a falchion.
The orc wizard mumbles some strange words.
The orc wizard blinks!
The orc priest calls down the wrath of Beogh upon you.
Beogh smites you!
You die...

### ..# #.# ########## #
#.# #........########
.###.##.###.######.#.......
...ยง.o.o..@....#
#.#.#####.
.o##.##o###..#.###.#)#####.
#.###..............#.
..##..)..###.#.###.#.
######...####.#.# #.#.
#........#.###.#.
##.#######....... #.#
#####.## ##'## #.#


You could see an orc priest, an orc wizard and an orc.

Vanquished Creatures
  3 adders (D:2)
  2 worms (D:2)
  A dart slug (D:1)
  A leopard gecko (D:3)
  An orc (D:3)
  A giant cockroach (D:2)
  4 goblins
  3 hobgoblins
  4 jackals (D:2)
  A quokka (D:2)
  2 ball pythons
  6 bats
  A frilled lizard (D:2)
  9 kobolds
  5 rats
44 creatures vanquished.

Notes
Turn   | Place    | Note
-------+----------+-------------------------------------------
     0 | D:1      | Pepeogr the Demonspawn Berserker began the quest for the Orb.
     0 | D:1      | Reached XP level 1. HP: 18/18 MP: 1/1
   162 | D:1      | Reached skill level 3 in Polearms
   209 | D:1      | Gained mutation: You are partially covered in molten scales. (AC +2) [demonic ancestry]
   209 | D:1      | Reached XP level 2. HP: 15/24 MP: 2/2
  1064 | D:2      | Gained mutation: You are immune to rotting. [demonic ancestry]
  1064 | D:2      | Reached XP level 3. HP: 14/29 MP: 3/3
  1082 | D:2      | Reached ** piety under Trog
  1313 | D:2      | Gained mutation: You have large cloven feet. [potion of beneficial mutation]
  1465 | D:2      | Reached skill level 4 in Polearms
  1793 | D:3      | Gained mutation: You are mostly covered in molten scales. (AC +3) [demonic ancestry]
  1793 | D:3      | Reached XP level 4. HP: 35/35 MP: 4/4
  1902 | D:3      | Found a faded altar of an unknown god.
  1981 | D:3      | Found a shattered altar of Ashenzari.
  2180 | D:3      | Killed from afar by an orc priest

Skill      XL: |  1  2  3 |
---------------+----------+-----
Polearms       | 3 4 |  4.1
Fighting       | |  3.5
Armour         | |  1.8
Dodging        | |  1.7
Stealth        | |  0.2

Action                   |  1- 3 |  4- 6 || total
-------------------------+-------+-------++-------
Melee: Spear             |   135 |    38 ||   173
       Kick              |    13 |     9 ||    22
Invok: Burn Spellbooks   |     1 |       ||     1
  Use: Potion            |     4 |       ||     4
       Scroll            |     3 |       ||     3
 Stab: Sleeping          |     2 |       ||     2
  Eat: Bread ration      |     1 |       ||     1
Armor: Animal skin       |    25 |       ||    25
       Ring mail         |    13 |    16 ||    29
Dodge: Dodged            |    89 |    30 ||   119
